 Dungeon Crawl Stone Soup version 0.31.0-11-ge490571c62 (webtiles) character file.

Game seed: 18130748347725592483

1654 sanka the Martial Artist (level 9, -7/62 HPs)
             Began as a Merfolk Shapeshifter on Feb 3, 2024.
             Was a Follower of Okawaru.
             Mangled by Crazy Yiuf
             ... wielding a +4 quarterstaff of chaos
              (14 damage)
             ... on level 4 of the Dungeon.
             The game lasted 00:09:10 (6329 turns).

sanka the Martial Artist (Merfolk Shapeshifter)     Turns: 6329, Time: 00:09:11

Health: -7/62      AC:  4    Str: 17    XL:     9   Next: 0%
Magic:  11/12      EV: 20    Int:  9    God:    Okawaru [*.....]
Gold:   315        SH:  0    Dex: 17    Spells: 8/8 levels left

rFire   + .          .
                       - Unarmed
rCold   . . .        (shield currently unavailable)
rNeg    . . .        a - melded +0 animal skin
rPois   .            m - +2 helmet
rElec   .            j - +0 cloak
rCorr   +            (no gloves)
SInv    .            (no boots)
Will    .....        (no amulet)
Stlth   +            (no ring)
HPRegen 0.30/turn    u - ring of Curoagg {rF+ rCorr Str+2}
MPRegen 0.13/turn

%: no passive effects
@: lethally poisoned (-7 -> -12), flux-form, heroic, glowing
A: glow, contaminating, (nimble swimmer 2), mertail
a: Begin Untransformation, Renounce Religion, Heroism


You were on level 4 of the Dungeon.
You worshipped Okawaru.
Okawaru was aware of your devotion.
You were something dangerously unstable.
You visited 2 branches of the dungeon, and saw 7 of its levels.

You collected 315 gold pieces.


Innate Abilities, Weirdness & Mutations

You are something dangerously unstable.
You glow with magical radiation, making you easy to see and hit.
Foes you strike become dangerously contaminated with magical radiation.
You are incapable of wielding weapons or throwing items.
((You are very nimble when in or above water. (Stealth+, EV+, Speed+++)))
Your lower body shifts to a powerful aquatic tail in water.


   Skills:
 + Level 2.3(7.3) Fighting
 - Level 2.6(7.6) Dodging
 - Level 10.0(15.0) Unarmed Combat
 - Level 5.0 Invocations
 - Level 7.0 Shapeshifting


You had 8 spell levels left.
You didn't know any spells.
Your spell library contained the following spells:

 Spells                   Type           Power      Damage    Failure   Level
 Freeze                   Ice            0%         1d3       38%         1
 Magic Dart               Conj           0%         1d3       38%         1
 Blink                    Tloc           0%         N/A       52%         2
 Frozen Ramparts          Ice            0%         1d1       77%         3
 Hailstorm                Conj/Ice       0%         3d5       77%         3
 Dimensional Bullseye     Hex/Tloc       0%         N/A       99%         4
 Iskenderun's Mystic Bla  Conj/Tloc      0%         2d3       99%         4
 Call Imp                 Summ           Unusable   N/A       N/A         2
 Tukima's Dance           Hex            Unusable   N/A       N/A         3

Inventory:

Armour
 a - a +0 animal skin (melded)
 j - a +0 cloak (worn)
 m - a +2 helmet (worn)
Jewellery
 u - the ring of Curoagg (right hand) {rF+ rCorr Str+2}

   [ring of protection from fire]

   Str+2:     It affects your strength (+2).
   rF+:       It protects you from fire.
   rCorr:     It protects you from acid and corrosion.
Talismans
 c - a beast talisman
 d - a flux talisman (active)
 z - a maw talisman
Wands
 y - a wand of paralysis (2)
Scrolls
 e - a scroll of blinking {unknown}
 g - 2 scrolls of noise {unknown}
 h - 2 scrolls of identify {unknown}
 i - 3 scrolls of teleportation {unknown}
 p - a scroll of poison {unknown}
 q - a scroll of fear {unknown}
 r - 2 scrolls of enchant armour {unknown}
 s - a scroll of brand weapon {unknown}
 t - a scroll of immolation {unknown}
 x - a scroll of revelation {unknown}
Potions
 b - 3 potions of lignification {!q}
 f - 2 potions of haste {unknown}
 k - 6 potions of curing {unknown}
 l - a potion of attraction {unknown}
 n - a potion of berserk rage {unknown}
 o - 2 potions of cancellation {unknown}
 v - a potion of heal wounds {unknown}
 w - a potion of enlightenment {unknown}

Dungeon Overview and Level Annotations

Branches:
Dungeon (6/15)             Temple (1/1) D:5

Altars:
Ashenzari
Cheibriados
Dithmenos
Elyvilon
Fedhas
Gozag
Kikubaaqudgha
Makhleb
Nemelex Xobeh
Okawaru
Qazlal
Sif Muna
Trog
Uskayaw
Vehumet
Wu Jian
Xom
Yredelemnul
Zin
The Shining One

Shops:
D:2 [

Annotations:
D:4 Crazy Yiuf

.▒.▒.▒.▒.▒
▒....▒
.▒.....▒.▒
♣♣...♣
.▒▒▒.▒▒▒.▒
♣...♣♣ .....▒
▒.▒ ♣♣.♣♣ .▒▒▒▒▒
▒.▒ ♣.♣♣ .▒ ▒.▒
♣♣.♣ .▒▒▒▒▒▒▒.▒
♣.♣♣ .........▒
♣♣.♣
.▒▒▒▒▒▒▒▒▒▒▒ ▒p▒
.▒▒▒.......▒
▒.g.▒
........▒▒+▒
▒...▒
...........▒
▒..)▒
...........▒
▒▒▒▒▒
.▒▒▒.▒.....▒
.▒▒▒.▒.....▒▒▒▒▒
.....▒.........▒
▒▒▒▒▒▒..[......▒


You could see Crazy Yiuf (heavy contam).


Message History

You are electrocuted!
There is an open translucent door, spattered with blood here.
You barely miss Crazy Yiuf.
Unknown command.
You barely miss Crazy Yiuf.
Crazy Yiuf hits you with a +4 quarterstaff of chaos.
You are poisoned.
You closely miss Crazy Yiuf.
You feel very sick.
Crazy Yiuf zaps a wand.
The puff of flame misses you.
Unknown command.
You barely miss Crazy Yiuf.
You feel sick.
Crazy Yiuf hits you with a +4 quarterstaff of chaos!
* * * LOW HITPOINT WARNING * * *
Crazy Yiuf freezes you.
* * * LOW HITPOINT WARNING * * *
Unknown command.
You hit Crazy Yiuf.
Crazy Yiuf begins to glow.
Crazy Yiuf is moderately wounded.
* * * LOW HITPOINT WARNING * * *
You feel sick.
You hit Crazy Yiuf.
Crazy Yiuf glows dangerously bright.
Crazy Yiuf is heavily wounded.
You feel sick.
Crazy Yiuf hits you with a +4 quarterstaff of chaos!
You die...

Action                     |  1- 3 |  4- 6 |  7- 9 || total
---------------------------+-------+-------+-------++-------
  Melee: Unarmed           |    93 |   147 |   156 ||   396
         Punch             |     2 |     6 |     1 ||     9
 Invoke: Heroism           |       |       |     3 ||     3
   Stab: Sleeping          |       |     2 |       ||     2
 Armour: Animal skin       |    47 |    71 |    44 ||   162
         Skin              |       |       |    40 ||    40
  Dodge: Dodged            |    67 |    97 |    96 ||   260
   Form: Flux              |       |       |     3 ||     3
                           |       |       |     1 ||     1
         Beast             |       |       |     1 ||     1

Levels and vault maps discovered:
D:1:      dpeg_arrival_pits, layout_loops_ring,
          shapermc_ecumenical_altar_totnotflames
D:2:      layout_basic, serial_shops, shop
D:3:      layout_basic
D:4:      layout_basic, abandoned_shop, minmay_joined_circles,
          uniq_crazy_yiuf_cottage
D:5:      minmay_recursive_quarters, layout_basic,
          minmay_temple_entry_drinking_statues, uniq_menkaure
D:6:      layout_basic, serial_shops, shop, uniq_jeremiah
Temple:   nicolae_temple_slightly_damp_pantheon

Notes
Turn   | Place    | Note
-------+----------+-------------------------------------------
     0 | D:1      | sanka the Merfolk Shapeshifter began the quest for the Orb.
     0 | D:1      | Reached XP level 1. HP: 15/15 MP: 1/1
    78 | D:1      | Found a faded altar of an unknown god.
   128 | D:1      | Reached XP level 2. HP: 14/21 MP: 2/2
   651 | D:1      | Reached XP level 3. HP: 23/27 MP: 3/3
   653 | D:1      | Reached skill level 4 in Unarmed Combat
   957 | D:2      | Found Quhong's Antique Armour Shoppe.
  1333 | D:2      | Reached skill level 2 in Fighting
  1515 | D:1      | Reached XP level 4. HP: 13/33 MP: 4/4
  2322 | D:3      | Reached skill level 5 in Unarmed Combat
  2424 | D:3      | Reached skill level 5 in Shapeshifting
  2486 | D:3      | Noticed a scorpion
  2495 | D:3      | Killed a scorpion
  2496 | D:3      | Reached XP level 5. HP: 27/38 MP: 5/5
  3070 | D:4      | Reached XP level 6. HP: 31/44 MP: 6/6
  3157 | D:4      | Reached skill level 6 in Unarmed Combat
  3579 | D:4      | Identified the +0 helmet of Roam {^Contam Will+ Int+3}
  3616 | D:4      | Reached skill level 6 in Shapeshifting
  3883 | D:4      | HP: 4/44 [orc/+0 hand axe (5)]
  4045 | D:3      | Reached skill level 7 in Unarmed Combat
  4045 | D:3      | Reached XP level 7. HP: 50/50 MP: 7/7
  4474 | D:4      | Found a runed translucent door.
  4475 | D:4      | Noticed Crazy Yiuf
  4981 | D:5      | Entered Level 5 of the Dungeon
  4997 | D:5      | Found a staircase to the Ecumenical Temple.
  5003 | D:5      | Identified the ring of Curoagg {rF+ rCorr Str+2}
  5010 | Temple   | Entered the Ecumenical Temple
  5031 | Temple   | Became a worshipper of Warmaster Okawaru
  5338 | D:6      | Reached skill level 8 in Unarmed Combat
  5410 | D:6      | Reached skill level 7 in Shapeshifting
  5599 | D:5      | Reached XP level 8. HP: 51/56 MP: 8/8
  5616 | D:5      | Noticed a wyvern
  5629 | D:5      | Killed a wyvern
  5629 | D:5      | Reached * piety under Okawaru
  5630 | D:5      | Reached skill level 9 in Unarmed Combat
  5775 | D:5      | Reached skill level 1 in Invocations
  5940 | D:5      | Reached skill level 2 in Invocations
  5948 | D:5      | Reached skill level 10 in Unarmed Combat
  5979 | D:5      | Reached skill level 3 in Invocations
  6122 | D:5      | Noticed Menkaure
  6128 | D:5      | Killed Menkaure
  6129 | D:5      | Reached skill level 4 in Invocations
  6170 | D:5      | Reached skill level 5 in Invocations
  6252 | D:5      | Reached XP level 9. HP: 57/62 MP: 12/12
  6329 | D:4      | Mangled by Crazy Yiuf

Vanquished Creatures
  A wyvern (D:5)
  Menkaure (D:5)
  A black bear (D:5)
  An ice beast (D:5)
  2 phantoms (D:5)
  3 scorpions
  2 howler monkeys
  2 bombardier beetles (D:4)
  2 jellies
  2 hounds
  An orc priest (D:3)
  2 gnoll boudas
  6 iguanas
  2 orc wizards (D:4)
  11 gnolls
  5 adders
  7 ufetubi
  3 ribbon worms (D:2)
  9 orcs
  11 ball pythons
  7 endoplasms
  4 giant cockroaches
  5 goblins
  6 hobgoblins
  13 jackals
  9 kobolds
  8 quokkas
  7 bats
  A frilled lizard (D:1)
  7 rats
141 creatures vanquished.
